 Dungeon Crawl Stone Soup version 0.28.0-55-gcd9437bce4 (webtiles) character file.

Game seed: 6032254215552429118

8836 RedNights the Thaumaturge (level 11, 0/61 HPs)
             Began as a Deep Elf Earth Elementalist on July 10, 2022.
             Was a Believer of Vehumet.
             Slain by a komodo dragon (27 damage)
             ... on level 2 of the Lair of Beasts on Dec 4, 2022.
             The game lasted 01:25:34 (18961 turns).

RedNights the Thaumaturge (DEEE)                   Turns: 18961, Time: 01:25:40

Health: 0/61       AC:  6    Str: 11    XL:     11   Next: 15%
Magic:  13/28      EV: 14    Int: 27    God:    Vehumet [**....]
Gold:   676        SH:  5    Dex: 15    Spells: 9/33 levels left

rFire   . . .      SeeInvis +   U - +5 short sword
rCold   . . .      Faith    .   D - orb {*channel}
rNeg    . . .      Spirit   .   S - +0 leather armour
rPois   .          Reflect  +   (helmet restricted)
rElec   .          Harm     .   l - +2 cloak
rCorr   .          Rampage  .   (no gloves)
Will    +....                   (no boots)
Stlth   +++.......              A - amulet of reflection
HPRegen 0.20/turn               u - ring of see invisible
MPRegen 0.21/turn               B - +6 ring of intelligence

@: no status effects
A: beak, strong 1
a: Renounce Religion


You were on level 2 of the Lair of Beasts.
You worshipped Vehumet.
Vehumet was pleased with you.
You visited 3 branches of the dungeon, and saw 14 of its levels.
You also visited: Ossuary.

You collected 676 gold pieces.

Inventory:

Hand Weapons
 j - a +0 dagger
 p - a +4 short sword
 N - a +0 shortbow
 U - a +5 short sword (weapon)
 Y - the +8 demon blade "Leech" {vamp, Harm Drain rN+}
   (You found it on level 1 of the Lair of Beasts)

   It heals its wielder for a portion of the damage dealt every time it strikes
   a living foe.
   rN:        It protects you from negative energy.
   Drain:     It drains your maximum health when unequipped.
   Harm:      It increases damage dealt and taken.
Missiles
 c - 334 stones
 n - 25 poisoned darts
 r - 15 boomerangs (quivered)
 s - 189 arrows
 v - 9 javelins
 K - 6 throwing nets
Armour
 b - a +1 robe
 l - a +2 cloak (worn)
 D - an orb of energy (worn)
 O - a +2 robe
 S - a +0 leather armour (worn)
Magical Staves
 R - a staff of conjuration
 X - a staff of fire
Jewellery
 u - a ring of see invisible (left hand)
 A - an amulet of reflection (around neck)
 B - a +6 ring of intelligence (right hand)
 Q - a ring of willpower
 V - a ring of fire
Wands
 C - a wand of digging (4)
 W - a wand of iceblast (7)
Scrolls
 d - 2 scrolls of teleportation
 g - 5 scrolls of blinking
 i - a scroll of noise
 k - 2 scrolls of brand weapon {unknown}
 o - 2 scrolls of torment {unknown}
 q - 3 scrolls of enchant armour
 w - a scroll of amnesia
 y - a scroll of vulnerability
 z - 2 scrolls of immolation
 F - a scroll of magic mapping
 H - 5 scrolls of fear
 J - a scroll of summoning {unknown}
 M - a scroll of enchant weapon {unknown}
 T - a scroll of holy word {unknown}
Potions
 a - 3 potions of might
 e - 3 potions of mutation
 f - 11 potions of curing
 h - 3 potions of heal wounds
 m - 6 potions of degeneration
 t - a potion of berserk rage
 x - 3 potions of flight
 E - 2 potions of ambrosia
 G - a potion of magic
 I - a potion of cancellation
 L - 2 potions of brilliance
 P - 2 potions of resistance


   Skills:
 + Level 4.2 Fighting
 - Level 2.4 Short Blades
 - Level 1.5 Throwing
 + Level 6.9 Dodging
 + Level 6.0 Stealth
 * Level 11.5 Spellcasting
 + Level 5.5 Conjurations
 - Level 3.0 Translocations
 - Level 3.0 Transmutations
 - Level 3.0 Ice Magic
 - Level 0.9 Air Magic
 * Level 9.9 Earth Magic
 + Level 4.5 Evocations


You had 9 spell levels left.
You knew the following spells:

 Your Spells              Type           Power      Damage    Failure   Level
a - Sandblast             Erth           100%       2d20      1%          1
b - Petrify               Tmut/Erth      50%        N/A       3%          4
c - Stone Arrow           Conj/Erth      100%       3d13      1%          3
d - Mephitic Cloud        Conj/Pois/Air  27%        N/A       6%          3
e - Lee's Rapid Deconstr  Erth           31%        3d17*     2%          5
f - Hailstorm             Conj/Ice       38%        3d9       9%          4
i - Iskenderun's Mystic   Conj/Tloc      38%        2d9       9%          4

Your spell library contained the following spells:

 Spells                   Type           Power      Damage    Failure   Level
 Shock                    Conj/Air       100%       1d9       1%          1
 Apportation              Tloc           62%        N/A       1%          1
 Freeze                   Ice            100%       1d11      1%          1
 Magic Dart               Conj           100%       1d8       1%          1
 Passwall                 Tmut/Erth      41%        N/A       1%          2
 Frozen Ramparts          Ice            62%        1d8       4%          3
 Call Imp                 Summ           15%        N/A       8%          2
 Fulminant Prism          Conj/Hex       15%        3d11      16%         4
 Alistair's Intoxication  Tmut/Pois      15%        N/A       58%         5


Dungeon Overview and Level Annotations

Branches:
Dungeon (11/15)            Temple (1/1) D:5            Lair (2/6) D:11
Ossuary (visited)
  Swamp: Lair:2-4    Shoals: Lair:2-4     Snake: Lair:2-4    Spider: Lair:2-4
    Orc: D:9-12

Altars:
Ashenzari
Cheibriados
Dithmenos
Elyvilon
Fedhas
Gozag
Hepliaklqana
Kikubaaqudgha
Makhleb
Nemelex Xobeh
Okawaru
Qazlal
Ru
Sif Muna
Trog
Uskayaw
Vehumet
Wu Jian
Xom
Yredelemnul
Zin
The Shining One

Shops:
D:3 ?   D:9 (*

Annotations:
D:2 exclusion: downstairs
D:6 exclusion: downstairs
D:8 exclusion: 3 slime creatures
D:9 exclusion: downstairs
D:10 exclusion: downstairs, Erica
Lair:1 exclusion: 2 downstairs


Innate Abilities, Weirdness & Mutations

You have a beak for a mouth.
Your muscles are strong. (Str +2)


Message History

Level annotation: exclusion: downstairs You have turned to stone.
You turn to flesh and can move again.
There is a stone staircase leading down here.
There is a stone staircase leading down here.
You climb downwards.
There is a stone staircase leading up here.
A komodo dragon comes into view.
c - 334 stones (gained 15)
Casting: Stone Arrow (safe; 1% risk of failure)
Confirm with . or Enter, or press ? or * to list all spells.
Aiming: Petrify (dangerous; 3% risk of failure)
Press: ? - help, Shift-Dir - straight line, f - komodo dragon
Aim: a komodo dragon (chance to affect: 54%)
The komodo dragon resists with significant effort.
The komodo dragon bites you!!
The komodo dragon completely misses you.
Casting: Petrify (dangerous; 3% risk of failure)
Confirm with . or Enter, or press ? or * to list all spells.
Aiming: Lee's Rapid Deconstruction (dangerous; 2% risk of failure)
Press: ? - help, Dir - move target, p - komodo dragon A rock wall.
The wall shatters!
The blast of rock fragments hits the komodo dragon!!
The komodo dragon is heavily wounded.
You hear an angry hiss.
The komodo dragon completely misses you.
Casting: Lee's Rapid Deconstruction (dangerous; 2% risk of failure)
Confirm with . or Enter, or press ? or * to list all spells.
You erupt in a blast of force!
The mystic blast hits the komodo dragon!
The komodo dragon is severely wounded.
The komodo dragon bites you!
Casting: Iskenderun's Mystic Blast (dangerous; 9% risk of failure)
Confirm with . or Enter, or press ? or * to list all spells.
You erupt in a blast of force!
The mystic blast hits the komodo dragon.
The komodo dragon is almost dead.
The komodo dragon bites you!!
You die...

######## ##### # #
#P###..#.#.#######.#.#.#.#
............l@............
#######P#.................
###.........<.......
###.................
#................... ####
###..................
.###.PP##.#......###.##...#..
..................#### ##P# #
###...............# ##


You could see a komodo dragon.

Vanquished Creatures
  A centaur warrior (D:11)
  A komodo dragon (D:9)
  A hornet (D:9)
  3 blink frogs (Lair:1)
  3 wyverns
  2 steam dragons (D:9)
  11 yaks
  4 water moccasins
  3 orc warriors
  A sky beast (D:7)
  A black bear (D:6)
  4 ice beasts
  2 centaurs
  An ogre (D:6)
  Blork the orc (D:3)
  3 gnoll sergeants (D:9)
  6 bullfrogs
  A scorpion (D:6)
  A wyvern skeleton (D:7)
  12 killer bees
  4 wights (D:7)
  An electric eel (D:9)
  3 centaur zombies
  2 jellies
  A gnoll shaman (D:9)
  12 hounds
  The ghost of worthlessgem the Changer, a weakling FeTm (D:5)
  2 orc priests (D:9)
  2 water moccasin simulacra (D:5)
  A centaur skeleton (D:5)
  5 iguanas
  2 orc wizards
  A killer bee zombie (D:6)
  A bullfrog simulacrum (D:5)
  A centaur simulacrum (D:5)
  A scorpion simulacrum (D:5)
  A howler monkey zombie (D:4)
  3 mummies (Ossuary)
  28 gnolls
  2 adders
  A hound simulacrum (D:5)
  A white imp (D:5)
  4 adder zombies (Ossuary)
  3 worms
  2 dart slugs
  21 orcs
  14 endoplasms
  5 giant cockroaches
  2 gnoll zombies (Ossuary)
  5 goblins
  5 hobgoblins
  16 jackals
  3 quokkas
  6 ball pythons
  3 bats
  5 frilled lizards
  3 goblin zombies (Ossuary)
  3 hobgoblin zombies (Ossuary)
  7 kobolds
  2 kobold zombies (Ossuary)
  2 quokka zombies (Ossuary)
  7 rats
  2 rat zombies (Ossuary)
258 creatures vanquished.

Vanquished Creatures (others)
  57 fungi
  48 plants
  6 toadstools (Lair:2)
111 creatures vanquished.

Grand Total: 369 creatures vanquished

Notes
Turn   | Place    | Note
-------+----------+-------------------------------------------
     0 | D:1      | RedNights the Deep Elf Earth Elementalist began the quest
                  | for the Orb.
     0 | D:1      | Reached XP level 1. HP: 10/10 MP: 6/6
   247 | D:1      | Reached XP level 2. HP: 9/15 MP: 3/8
   442 | D:1      | Upgraded the game from 0.28.0-53-g5a82cb258f to
                  | 0.28.0-55-gcd9437bce4
  1307 | D:1      | Found a faded altar of an unknown god.
  1355 | D:1      | Reached skill level 4 in Spellcasting
  1585 | D:1      | Reached XP level 3. HP: 19/19 MP: 10/10
  1947 | D:1      | Learned a level 3 spell: Stone Arrow
  3148 | D:2      | Found a shadowy altar of Dithmenos.
  3400 | D:2      | Reached XP level 4. HP: 9/24 MP: 8/12
  4070 | D:3      | Found Syzap's Magic Scroll Boutique.
  4215 | D:3      | Reached skill level 5 in Spellcasting
  4368 | D:3      | Found an iron altar of Okawaru.
  4688 | D:3      | Reached skill level 5 in Earth Magic
  4767 | D:3      | Found a blossoming altar of Fedhas.
  4947 | D:4      | Noticed Blork the orc
  5005 | D:4      | Reached XP level 5. HP: 21/28 MP: 11/15
  5536 | D:4      | Noticed an ogre
  6259 | D:5      | Entered Level 5 of the Dungeon
  6267 | D:5      | Reached XP level 6. HP: 22/33 MP: 8/16
  6268 | D:5      | Reached skill level 6 in Spellcasting
  6346 | D:5      | Noticed worthlessgem's ghost (weakling FeTm)
  6377 | D:5      | Reached skill level 1 in Throwing
  6382 | D:5      | Found a runed translucent gate.
  6383 | D:5      | Found a runed translucent gate.
  6384 | D:5      | Found a runed translucent gate.
  6399 | D:5      | Reached skill level 1 in Short Blades
  6399 | D:5      | Reached skill level 1 in Conjurations
  6416 | D:5      | Found a staircase to the Ecumenical Temple.
  6428 | D:5      | Found a radiant altar of Vehumet.
  6428 | D:5      | Found a shadowy altar of Dithmenos.
  6428 | D:5      | Noticed an ice beast
  6453 | D:5      | Found a sand-covered staircase.
  6458 | Ossuary  | Entered an ossuary
  6955 | Temple   | Entered the Ecumenical Temple
  7041 | D:5      | Found a snail-covered altar of Cheibriados.
  7041 | D:5      | Found a stormy altar of Qazlal.
  7091 | D:5      | Found a hazy altar of Hepliaklqana.
  7094 | D:5      | Became a worshipper of Vehumet
  7182 | D:5      | Reached skill level 1 in Fighting
  7182 | D:5      | Reached XP level 7. HP: 38/38 MP: 18/18
  7886 | D:6      | Reached skill level 7 in Spellcasting
  7991 | D:6      | Reached skill level 1 in Evocations
  8280 | D:6      | Reached XP level 8. HP: 43/43 MP: 20/20
  8308 | D:6      | Found an opulent altar of Gozag.
  8987 | D:7      | HP: 1/44 [iguana (7)]
  9322 | D:7      | Learned a level 4 spell: Petrify
  9326 | D:7      | Learned a level 3 spell: Mephitic Cloud
  9410 | D:7      | Reached skill level 8 in Spellcasting
 10111 | D:8      | Noticed a slime creature
 10179 | D:8      | Gained mutation: You have a beak for a mouth. [potion of
                  | mutation]
 10179 | D:8      | Gained mutation: Your muscles are strong. (Str +2) [potion
                  | of mutation]
 10780 | D:8      | Reached skill level 5 in Stealth
 11016 | D:8      | Reached XP level 9. HP: 36/49 MP: 18/23
 11764 | D:9      | Reached skill level 1 in Ice Magic
 11967 | D:10     | Entered Level 10 of the Dungeon
 12245 | D:10     | Noticed Erica
 12264 | D:9      | Reached skill level 5 in Dodging
 12264 | D:9      | Reached skill level 9 in Spellcasting
 12556 | D:9      | Found Fohadoom's General Store.
 12675 | D:9      | Reached * piety under Vehumet
 12675 | D:9      | Offered knowledge of Foxfire by Vehumet.
 13051 | D:9      | Identified the +9 hunting sling of the Priest {speed, rF-
                  | Int+5}
 13148 | D:9      | HP: 2/50 [something/ball of steam (22)]
 13901 | D:9      | Found Roromech's Weapon Shop.
 14318 | D:9      | Reached XP level 10. HP: 44/56 MP: 1/25
 14508 | D:9      | Found a sacrificial altar of Ru.
 14508 | D:9      | Found a hide-covered altar of Uskayaw.
 14898 | D:7      | Reached skill level 10 in Spellcasting
 14968 | D:7      | Learned a level 5 spell: Lee's Rapid Deconstruction
 15122 | D:7      | Reached skill level 1 in Translocations
 15361 | D:5      | Offered knowledge of Shock by Vehumet.
 15362 | D:5      | Reached ** piety under Vehumet
 15459 | D:5      | Killed worthlessgem's ghost
 15584 | D:3      | Killed Blork the orc
 15957 | D:9      | Learned a level 4 spell: Iskenderun's Mystic Blast
 16427 | D:9      | Reached skill level 5 in Conjurations
 16797 | D:10     | Reached skill level 11 in Spellcasting
 17588 | D:11     | Noticed a centaur warrior
 17599 | D:11     | Killed a centaur warrior
 17730 | D:11     | Reached XP level 11. HP: 54/61 MP: 15/28
 17735 | D:11     | Learned a level 4 spell: Hailstorm
 17921 | D:11     | Found a staircase to the Lair.
 17929 | Lair:1   | Entered Level 1 of the Lair of Beasts
 18127 | Lair:1   | Found the +8 demon blade "Leech" {vamp, Harm Drain rN+}
 18863 | Lair:2   | Noticed a catoblepas
 18961 | Lair:2   | Slain by a komodo dragon

Illustrated notes

Levels and vault maps discovered:
D:1:      heliophobic_arrival_ceremonial_halls, layout_basic,
          basic_ecumenical_altar, minmay_distorted
D:2:      layout_loops_corners, basic_altar, minmay_close_crescents
D:3:      layout_basic, mainiacjoe_overflow_boulevard, fedhas_ov_isle_minmay,
          serial_shops, shop
D:4:      layout_gridville, uniq_blork_the_orc
D:5:      layout_rooms, grunt_temple_overflow_open, minmay_temple_entry_arrows,
          enter_ossuary_2, gammafunk_ghost_icy, grunt_ministairs_8
D:6:      layout_basic, mainiacjoe_overflow_surrounded_room
D:7:      layout_basic
D:8:      layout_layer_cave
D:9:      kennysheep_steamy, layout_cave_pools, amethyst_overflow_temple_binary,
          serial_shops, nicolae_take_the_stairs, serial_gnoll_camp,
          gnoll_camp_mini_doghouse, gnoll_camp_mini_shop, gnoll_camp_mini_hut,
          gnoll_camp_huts_moat
D:10:     layout_cross, orc_david_3, uniq_erica
D:11:     layout_roguey, due_lair_maze_entry_diamond
Temple:   nicolae_temple_x_marks_the_god
Lair:1:   layout_gridlike, chequers_serial_rivers_micro_b,
          dreamdust_deal_with_the_devil
Lair:2:   gammafunk_lair_enchanted_lake, layout_chaotic_city

Skill      XL: |  1  2  3  4  5  6  7  8  9 10 11 |
---------------+----------------------------------+-----
Spellcasting   | 4 5 6 7 8 9 11 | 11.5
Earth Magic    | 4 5 6 7 8 9 |  9.9
Throwing       | 1 |  1.5
Short Blades   | 1 2 |  2.4
Stealth        | 3 4 5 6 |  6.0
Conjurations   | 1 2 3 4 5 |  5.5
Dodging        | 3 4 5 6 |  6.9
Fighting       | 1 2 3 4 |  4.2
Evocations     | 1 2 3 4 |  4.5
Transmutations | 2 3 |  3.0
Ice Magic      | 2 3 |  3.0
Translocations | 3 |  3.0
Air Magic      | |  0.9

Action                   |  1- 3 |  4- 6 |  7- 9 | 10-12 || total
-------------------------+-------+-------+-------+-------++-------
Melee: Unarmed           |    81 |       |       |       ||    81
       Punch             |     3 |     5 |     2 |       ||    10
       Dagger            |   113 |       |       |       ||   113
       Short sword       |     8 |   176 |   127 |    69 ||   380
       Peck              |       |       |    13 |    22 ||    35
Throw: Dart              |    17 |    28 |     3 |       ||    48
       Boomerang         |    16 |    34 |    37 |    37 ||   124
       Stone             |     4 |     2 |       |       ||     6
 Cast: Sandblast         |    33 |    15 |       |     4 ||    52
       Stone Arrow       |       |    28 |    88 |    49 ||   165
       Petrify           |       |       |    40 |    36 ||    76
       Mephitic Cloud    |       |       |     2 |     3 ||     5
       Iskenderun's Myst |       |       |       |    14 ||    14
       Lee's Rapid Decon |       |       |       |     3 ||     3
  Use: Scroll            |       |    10 |     2 |     9 ||    21
       Potion            |       |       |     4 |     2 ||     6
 Stab: Sleeping          |     9 |     7 |     6 |     2 ||    24
       Petrifying        |       |       |     3 |       ||     3
       Petrified         |       |       |    21 |    35 ||    56
       Confused          |       |       |     1 |     1 ||     2
Armor: Robe              |    38 |    49 |    15 |       ||   102
       Leather armour    |       |       |    23 |    11 ||    34
Dodge: Dodged            |   130 |    92 |    84 |    49 ||   355
Block: Other             |       |    16 |    10 |       ||    26
       Orb               |       |       |    17 |    19 ||    36
       Reflection        |       |       |     3 |     2 ||     5
